 Dungeon Crawl Stone Soup version 0.24-a0-639-gb70a11d811 (webtiles) character file.

Game seed: 10441942508133351447, levelgen mode: deterministic

58408 Johnny the Gelid (level 14, -28/122 HPs)
             Began as a White Draconian Ice Elementalist on Sept 21, 2019.
             Was the Champion of Vehumet.
             Killed from afar by Jorgrun (34 damage)
             ... with an icy blast
             ... on level 12 of the Dungeon.
             The game lasted 00:59:29 (29943 turns).

Johnny the Gelid (DrIE)                            Turns: 29943, Time: 00:59:29

Health: -28/122    AC: 16    Str: 12    XL:     14   Next: 49%
Magic:  5/30       EV: 13    Int: 20    God:    Vehumet [******]
Gold:   959        SH: 10    Dex: 11    Spells: 22/38 levels left

rFire    . . .     SeeInvis +   d - +6 dagger (protect)
rCold    + + +     Gourm    .   g - +2 buckler {AC+3}
rNeg     . . .     Faith    .   (armour unavailable)
rPois    .         Spirit   .   Q - +2 hat {SInv}
rElec    .         Reflect  +   s - scarf {rC+ rF+}
rCorr    .         Harm     .   (no gloves)
MR       +....                  (no boots)
Stlth    ++........             L - +2 amulet of reflection
HPRegen  0.30/turn              t - +3 ring of protection
MPRegen  0.22/turn              P - ring of ice

@: grasped by roots, very slightly contaminated, constricted
A: breathe frost, unfitting armour, cold resistance 1, cold-blooded, AC +8
a: Breathe Frost, Renounce Religion


You were on level 12 of the Dungeon.
You worshipped Vehumet.
Vehumet was exalted by your worship.
You were not hungry.

You visited 3 branches of the dungeon, and saw 20 of its levels.
You also visited: Volcano.

You collected 2902 gold pieces.
You spent 1943 gold pieces at shops.

Inventory:

Hand Weapons
 d - a +6 dagger of protection (weapon)
 F - a cursed -3 hand axe
 J - a +4 scimitar of freezing
Missiles
 k - a throwing net (quivered)
Armour
 g - a +2 buckler of protection (worn)
 s - a scarf of resistance (worn)
 Q - a +2 hat of see invisible (worn)
Magical Staves
 r - an uncursed staff of fire
 v - an uncursed staff of air {unknown}
 O - an uncursed staff of air {unknown}
Jewellery
 l - a +4 ring of dexterity
 m - an uncursed ring of poison resistance
 t - a +3 ring of protection (left hand)
 y - an uncursed ring of flight
 L - a +2 amulet of reflection (around neck)
 P - a ring of ice (right hand)
 U - an uncursed amulet of regeneration {unknown}
Wands
 M - a wand of flame (31)
 R - a wand of random effects (55)
 T - a wand of paralysis (1)
Scrolls
 a - a scroll of noise
 f - 9 scrolls of remove curse
 j - 7 scrolls of teleportation
 n - 3 scrolls of amnesia
 o - 5 scrolls of identify
 x - a scroll of silence
 A - a scroll of immolation
 H - a scroll of fog
 K - a scroll of fear
 S - a scroll of magic mapping
Potions
 c - 2 potions of ambrosia {unknown}
 e - a potion of flight
 h - a potion of resistance
 i - 13 potions of curing
 p - 2 potions of mutation
 q - 5 potions of heal wounds
 u - a potion of might
 w - 4 potions of cancellation
 z - a potion of experience {unknown}
 C - a potion of brilliance
 D - 2 potions of berserk rage
 E - a potion of magic {unknown}
 G - 2 potions of agility
 N - a potion of haste {unknown}
Comestibles
 b - 21 rations
 I - 4 chunks of flesh


   Skills:
 + Level 10.3 Fighting
 + Level 9.0 Dodging
 - Level 1.7 Stealth
 + Level 9.9 Shields
 * Level 12.5 Spellcasting
   Level 1.0 Conjurations
 * Level 16.7 Ice Magic


You had 22 spell levels left.
You knew the following spells:

 Your Spells              Type           Power        Failure   Level  Hunger
a - Freeze                Ice            ####         0%          1    None
b - Ozocubu's Armour      Chrm/Ice       ######..     1%          3    None
c - Summon Ice Beast      Ice/Summ       ######..     1%          4    None
d - Blink                 Tloc           N/A          9%          2    None
e - Ozocubu's Refrigerat  Ice            #######...   1%          6    #####..

Your spell library contained the following spells:

 Spells                   Type           Power        Failure   Level  Hunger
 Fireball                 Conj/Fire      ##........   30%         5    ####...
 Magic Dart               Conj           ###.         1%          1    None
 Throw Frost              Conj/Ice       ######       1%          2    None
 Ice Form                 Ice/Tmut       ######..     1%          4    None
 Throw Icicle             Conj/Ice       ######..     1%          4    None
 Conjure Flame            Conj/Fire      ##......     3%          3    None
 Mephitic Cloud           Conj/Pois/Air  ##......     4%          3    None
 Metabolic Englaciation   Hex/Ice        ######....   4%          5    ####...
 Bolt of Cold             Conj/Ice       ######....   6%          6    #####..
 Call Imp                 Summ           ##......     9%          2    None
 Slow                     Hex            ##......     9%          2    None
 Freezing Cloud           Conj/Ice/Air   ######....   19%         6    #####..
 Simulacrum               Ice/Necr       ######....   26%         6    #####..
 Iskenderun's Battlesphe  Conj/Chrm      ##......     30%         5    ####...
 Venom Bolt               Conj/Pois      ##........   30%         5    ####...
 Bolt of Magma            Conj/Fire/Erth ##........   32%         5    ####...
 Conjure Ball Lightning   Conj/Air       ##........   82%         6    #####..
 Iron Shot                Conj/Erth      ##........   82%         6    #####..
 Orb of Destruction       Conj           ###.......   99%         7    #######
 Statue Form              Tmut/Erth      ##.......    100%        6    #####..
 Spellforged Servitor     Conj/Summ      ##........   100%        7    #######


Dungeon Overview and Level Annotations

Branches:
Dungeon (12/15)            Temple (0/1) D:6            Lair (6/6) D:8
 Shoals (0/4) Lair:4       Spider (0/4) Lair:4        Slime (0/5) Lair:6
    Orc (2/2) D:10            Elf (0/3) Orc:2       Volcano (visited)

Altars:
Fedhas
Gozag
Qazlal
Ru
Sif Muna
Trog
Vehumet
Wu Jian
Xom
Yredelemnul
Beogh
Jiyva

Shops:
D:6 (:%[   Orc:2 %?[*

Annotations:
D:12 Jorgrun


Innate Abilities, Weirdness & Mutations

You can breathe waves of freezing cold.
You can buffet flying creatures when you breathe cold.
Your icy white scales are hard. (AC +8)
You cannot fit into any form of body armour.
Your flesh is cold resistant. (rC+)
You are cold-blooded and may be slowed by cold attacks.


Message History

The bullfrog skeleton resists.
The bullfrog skeleton is destroyed!
Vehumet accepts your kill.
You hear a grinding noise.
Unknown command.
You start resting.
Eating one of 5 chunks of flesh.
You eat one of the 5 chunks of flesh.
This raw flesh tastes terrible.
You hear a grinding noise. x2
Jorgrun gestures at you while chanting.
Roots burst forth from the earth!
The grasping roots grab you!
* * * LOW HITPOINT WARNING * * *
The grasping roots constrict you!
Okay, then.
The roots' grasp on you weakens, but your attempt to escape fails.
Jorgrun points at your ice beast and mumbles some strange words.
Your ice beast shatters!!!
Your ice beast is blown up!
The icy blast hits you!! You partially resist.
You die...

.........## #.##.^.....
..........##.#g.........
...........#............
........................
#.#.....................
###.....................
#....#..................
....###.................
.(..#.....##...Y@.##....
.<................# .
.....###..........#
.................##
.................#
..................#
....#.#.รท......##....
....##.......... #....
...........#...## ....


You could see Jorgrun and a friendly ice beast.

Vanquished Creatures
  An orc warlord (Orc:1)
  A dire elephant (Lair:6)
  A minotaur (Lair:6)
  Fannar (Lair:3)
  3 hydras
  A centaur warrior (Volcano)
  A tengu warrior (D:11)
  Erica (D:9)
  3 orc high priests (Orc:2)
  A hell knight (Volcano)
  3 lindwurms
  6 orc knights
  4 orc sorcerers
  A wolf spider (Lair:4)
  2 manticores
  4 black mambas
  A centaur skeleton (D:12)
  2 spiny frogs
  5 torpor snails
  A rime drake (Lair:5)
  2 yaktaurs (Volcano)
  7 komodo dragons
  A polar bear (Lair:6)
  2 trolls
  3 jumping spiders (Lair:4)
  7 hornets
  A tyrant leech (Lair:6)
  A slime creature (Lair:6)
  16 blink frogs
  6 hippogriffs
  3 raiju (Lair:6)
  5 dream sheep (Lair:5)
  20 yaks
  2 basilisks
  2 fire bats (Lair:3)
  2 wyverns
  A hungry ghost (D:10)
  8 wargs
  11 hell hounds (Lair:6)
  3 water moccasins
  3 porcupines
  An ice beast (D:8)
  2 phantoms
  6 black bears (Lair:6)
  A sky beast (D:12)
  16 orc warriors
  5 centaurs
  7 ogres
  13 wolves
  9 crocodiles
  A big kobold (D:11)
  5 bullfrogs
  2 scorpions
  A wyvern skeleton (D:10)
  A troll zombie (D:10)
  5 killer bees (D:12)
  2 wights (D:7)
  5 howler monkeys
  2 jellies
  A lava snake (Lair:3)
  2 crimson imps
  18 orc priests
  A human zombie (D:8)
  4 bullfrog skeletons
  3 hounds
  A gnoll shaman (D:5)
  An iguana (D:3)
  2 human skeletons (D:8)
  12 orc wizards
  7 worker ants
  A mummy (D:8)
  2 worker ant zombies
  5 gnolls
  A howler monkey skeleton (D:5)
  9 adders
  2 shadow imps
  2 adder zombies
  An adder skeleton (D:6)
  3 worms
  A dart slug (D:1)
  7 leopard geckos
  39 orcs
  11 bats
  4 giant cockroaches
  8 goblins
  10 hobgoblins
  2 jackals (D:1)
  2 quokkas
  A ball python (D:1)
  3 frilled lizards (D:1)
  A goblin skeleton (D:10)
  A goblin zombie (D:10)
  A hobgoblin skeleton (D:10)
  A hobgoblin zombie (D:10)
  A jackal skeleton (D:7)
  7 kobolds
  A leopard gecko zombie (D:5)
  3 orc skeletons (D:10)
  4 orc zombies
  A quokka skeleton (D:6)
  3 rats
  10 fungi
  28 plants
461 creatures vanquished.

Vanquished Creatures (collateral kills)
  The ghost of heinrich the Unseen, a journeyman VSWr of Dithmenos (Lair:6)
  An ice dragon (Lair:6)
  2 hydras
  3 two-headed ogres
  A lindwurm (Lair:6)
  Pikel (D:9)
  2 ugly things (D:11)
  A cyclops (D:10)
  6 black mambas
  2 torpor snails (Lair:6)
  A gargoyle (D:10)
  5 spiny frogs
  4 komodo dragons
  9 polar bears
  A merfolk (D:9)
  5 slime creatures
  2 tyrant leeches (Lair:6)
  A blink frog (Lair:6)
  4 hippogriffs
  Grinder (D:5)
  A shadow (D:11)
  A wraith (D:8)
  3 yaks (Lair:6)
  2 basilisks (Lair:3)
  A fire bat (Lair:3)
  A fire elemental (Lair:3)
  A steam dragon (D:9)
  2 wargs
  Edmund (D:6)
  A hell hound (Lair:6)
  7 water moccasins
  5 porcupines
  5 orc warriors
  2 ice beasts
  2 sky beasts
  6 black bears
  2 slaves (D:9)
  2 ogres
  A necrophage (D:8)
  An eye of draining (D:11)
  5 wolves
  A phantom (D:10)
  5 centaurs
  8 crocodiles
  Blork the orc (D:5)
  3 bullfrogs
  A big kobold (D:8)
  An elf skeleton (D:8)
  2 troll zombies
  5 wights
  2 centaur zombies
  A bullfrog zombie (D:11)
  3 human zombies (D:8)
  3 hounds
  3 jellies
  A bullfrog skeleton (D:12)
  4 orc priests
  A human skeleton (D:8)
  4 iguanas
  An orc wizard (D:8)
  A worker ant (D:5)
  A killer bee zombie (D:10)
  3 ogre zombies (D:10)
  A worker ant zombie (D:11)
  A gnoll (D:5)
  3 adders
  An adder skeleton (D:7)
  17 orcs
  2 kobolds (D:8)
  3 hobgoblin zombies (D:10)
  A jackal zombie (D:8)
  2 orc skeletons (D:10)
  4 orc zombies (D:10)
  2 plants (Lair:6)
197 creatures vanquished.

Vanquished Creatures (others)
  Maurice (D:9)
  A yaktaur (Volcano)
  A sky beast (D:9)
  2 jellies (D:9)
  An orc priest (Orc:1)
  An ogre zombie (D:10)
  An orc (D:9)
  3 fungi (Lair:4)
  10 plants
21 creatures vanquished.

Grand Total: 679 creatures vanquished

Notes
Turn   | Place    | Note
-------+----------+-------------------------------------------
     0 | D:1      | Johnny the Draconian Ice Elementalist began the quest for
                  | the Orb.
     0 | D:1      | Reached XP level 1. HP: 14/14 MP: 3/3
   303 | D:1      | Reached XP level 2. HP: 20/22 MP: 1/5
   362 | D:1      | Reached skill level 1 in Fighting
   731 | D:1      | Reached XP level 3. HP: 28/28 MP: 6/6
  1211 | D:2      | Noticed a scorpion
  1222 | D:2      | Killed a scorpion
  1222 | D:2      | Reached XP level 4. HP: 13/35 MP: 0/8
  2286 | D:2      | Found a sacrificial altar of Ru.
  2710 | D:3      | Reached skill level 4 in Ice Magic
  2786 | D:3      | Reached XP level 5. HP: 41/41 MP: 6/9
  3522 | D:3      | Reached XP level 6. HP: 46/49 MP: 4/11
  3832 | D:4      | Found a radiant altar of Vehumet.
  3847 | D:4      | Noticed an orc warrior
  4020 | D:4      | Learned a level 3 spell: Ozocubu's Armour
  4025 | D:4      | Learned a level 4 spell: Summon Ice Beast
  4197 | D:4      | Reached skill level 5 in Ice Magic
  4291 | D:4      | Killed an orc warrior
  4597 | D:4      | Became a worshipper of Vehumet
  4643 | D:5      | Entered Level 5 of the Dungeon
  4671 | D:5      | Noticed Blork the orc
  4681 | D:5      | Killed Blork the orc
  4681 | D:5      | Your scales start taking on an icy white colour.
  4681 | D:5      | Reached skill level 6 in Ice Magic
  4681 | D:5      | Reached XP level 7. HP: 54/57 MP: 1/13
  4681 | D:5      | Gained mutation: Your flesh is cold resistant. (rC+) [White
                  | Draconian growth]
  4875 | D:5      | Found a shimmering altar of Xom.
  5197 | D:5      | Found an opulent altar of Gozag.
  5244 | D:5      | Noticed Grinder
  5245 | D:5      | Paralysed by Grinder for 6 turns
  5281 | D:5      | Killed Grinder
  5281 | D:5      | Reached skill level 1 in Shields
  5281 | D:5      | Reached skill level 7 in Ice Magic
  5752 | D:5      | Reached skill level 8 in Ice Magic
  5752 | D:5      | Reached XP level 8. HP: 60/63 MP: 9/15
  6195 | D:5      | Reached * piety under Vehumet
  6195 | D:5      | Offered knowledge of Magic Dart by Vehumet.
  6633 | D:6      | Found an ornate altar of the Wu Jian Council.
  6691 | D:6      | Reached skill level 9 in Ice Magic
  6942 | D:6      | Found Nogoh's Food Shop.
  7111 | D:6      | Found a staircase to the Ecumenical Temple.
  7151 | D:6      | Noticed Edmund
  7165 | D:6      | Killed Edmund
  7257 | D:6      | Found Jonec's Weapon Shoppe.
  7574 | D:6      | Reached skill level 5 in Spellcasting
  7796 | D:6      | Found Ihuyr's Book Boutique.
  7866 | D:6      | Found a shimmering blue altar of Sif Muna.
  7897 | D:6      | Found Fyppocle's Armour Shop.
  8485 | D:7      | Found a stormy altar of Qazlal.
  8829 | D:7      | Reached XP level 9. HP: 71/71 MP: 12/17
  8938 | D:7      | Reached skill level 10 in Ice Magic
  9020 | D:8      | Offered knowledge of Sandblast by Vehumet.
  9043 | D:8      | Found a blossoming altar of Fedhas.
  9081 | D:8      | Reached ** piety under Vehumet
  9160 | D:8      | Found a staircase to the Lair.
  9512 | D:8      | Noticed a two-headed ogre
  9556 | D:8      | Killed a two-headed ogre
  9925 | D:8      | Found a basalt altar of Yredelemnul.
 10167 | D:8      | Noticed a two-headed ogre
 10327 | D:9      | Identified a scroll of acquirement
 10376 | D:9      | Reached skill level 5 in Shields
 10473 | D:9      | Offered knowledge of Inner Flame by Vehumet.
 10506 | D:9      | Noticed Erica
 10518 | D:9      | Killed Erica
 10518 | D:9      | Reached skill level 5 in Fighting
 10518 | D:9      | Reached skill level 11 in Ice Magic
 10627 | D:9      | Found a viscous altar of Jiyva.
 10817 | D:9      | Noticed Pikel
 10832 | D:9      | Killed Pikel
 10832 | D:9      | Reached XP level 10. HP: 65/81 MP: 3/20
 10940 | D:9      | Noticed Maurice
 11059 | D:9      | Killed Maurice
 11600 | D:10     | Entered Level 10 of the Dungeon
 11757 | D:10     | Reached *** piety under Vehumet
 11873 | D:10     | Noticed a two-headed ogre
 11893 | D:10     | Killed a two-headed ogre
 11893 | D:10     | Reached skill level 5 in Dodging
 12211 | D:6      | Bought a book of Ice for 715 gold pieces
 12211 | D:6      | Bought a book of Minor Magic for 220 gold pieces
 12214 | D:6      | Learned a level 2 spell: Blink
 12221 | D:6      | Learned a level 6 spell: Ozocubu's Refrigeration
 12301 | D:8      | Killed a two-headed ogre
 12625 | D:10     | Found a staircase to the Orcish Mines.
 12830 | D:10     | Offered knowledge of Stone Arrow by Vehumet.
 12903 | D:10     | Reached skill level 12 in Ice Magic
 13205 | D:10     | Noticed a gargoyle
 13217 | D:10     | Killed a gargoyle
 13490 | D:10     | Noticed a cyclops
 13502 | D:10     | Killed a cyclops
 13672 | D:11     | Noticed a purple ugly thing
 13683 | D:11     | Killed a purple ugly thing
 14246 | D:11     | Reached **** piety under Vehumet
 14479 | D:11     | Reached XP level 11. HP: 71/89 MP: 6/23
 14832 | D:11     | Noticed a green ugly thing
 14846 | D:11     | Killed a green ugly thing
 15102 | D:11     | Found a bloodstained altar of Trog.
 15361 | D:12     | Noticed a tengu warrior
 15739 | D:11     | Killed a tengu warrior
 15797 | D:12     | Offered knowledge of Lee's Rapid Deconstruction by Vehumet.
 15952 | D:12     | Noticed Jorgrun
 16088 | Lair:1   | Entered Level 1 of the Lair of Beasts
 16155 | Lair:1   | Reached skill level 13 in Ice Magic
 16410 | Lair:1   | Found a dark tunnel.
 16420 | Volcano  | Entered a volcano
 16436 | Volcano  | Noticed a centaur warrior
 16447 | Volcano  | Killed a centaur warrior
 16640 | Volcano  | Noticed a hell knight
 16645 | Volcano  | Killed a hell knight
 17911 | Lair:2   | Reached XP level 12. HP: 47/100 MP: 18/25
 19124 | Lair:3   | Reached skill level 10 in Spellcasting
 19197 | Lair:3   | Identified the Grimoire of Battle Magic and Transmutation
 19349 | Lair:3   | Reached skill level 14 in Ice Magic
 19397 | Lair:3   | Noticed a four-headed hydra
 19405 | Lair:3   | Killed a four-headed hydra
 19584 | Lair:3   | Noticed Fannar
 19669 | Lair:3   | Killed Fannar
 20490 | Lair:4   | Reached ***** piety under Vehumet
 20509 | Lair:4   | Noticed a five-headed hydra
 20568 | Lair:4   | Found a staircase to the Shoals.
 20674 | Lair:4   | Offered knowledge of Bolt of Fire by Vehumet.
 20677 | Lair:4   | Killed a five-headed hydra
 21184 | Lair:4   | Found a hole to the Spider Nest.
 21793 | Lair:5   | Reached XP level 13. HP: 62/108 MP: 8/27
 22371 | Lair:5   | Reached skill level 15 in Ice Magic
 23119 | Lair:6   | Entered Level 6 of the Lair of Beasts
 23119 | Lair:6   | Found a stormy altar of Qazlal.
 23343 | Lair:6   | Noticed a minotaur
 23345 | Lair:6   | Noticed heinrich's ghost (journeyman VSWr)
 23554 | Lair:6   | Found a staircase to the Slime Pits.
 23632 | Lair:6   | Offered knowledge of Fireball by Vehumet.
 23729 | Lair:6   | Found a runed translucent gate.
 23729 | Lair:6   | Found a runed translucent gate.
 23729 | Lair:6   | Found a runed translucent gate.
 23928 | Lair:6   | Found a runed translucent door.
 25858 | Lair:6   | Noticed a dire elephant
 26087 | Lair:6   | Killed a dire elephant
 26087 | Lair:6   | Reached skill level 16 in Ice Magic
 27143 | Lair:6   | Reached XP level 14. HP: 111/119 MP: 13/30
 27310 | Lair:6   | Killed heinrich's ghost
 27546 | Orc:1    | Entered Level 1 of the Orcish Mines
 27622 | Orc:2    | Entered Level 2 of the Orcish Mines
 27830 | Orc:2    | Reached skill level 10 in Fighting
 27965 | Orc:1    | Noticed a stone giant
 28259 | Orc:1    | Noticed an orc warlord
 28384 | Orc:1    | Killed an orc warlord
 28985 | Orc:2    | Found a roughly hewn altar of Beogh.
 29107 | Orc:2    | Found a staircase to the Elven Halls.
 29308 | Orc:2    | Reached ****** piety under Vehumet
 29493 | Orc:2    | Found Cegeschu's Magic Scroll Shoppe.
 29493 | Orc:2    | Found Luedoapp's Food Shop.
 29497 | Orc:2    | Found Umidueh's Armour Shop.
 29497 | Orc:2    | Found Ycseuzui's Assorted Antiques.
 29507 | Orc:2    | Bought a scroll of fear for 84 gold pieces
 29507 | Orc:2    | Bought 2 potions of curing for 144 gold pieces
 29512 | Orc:2    | Bought a +1 hat of see invisible for 288 gold pieces
 29521 | Orc:2    | Bought a scroll of teleportation for 36 gold pieces
 29521 | Orc:2    | Bought a scroll of identify for 24 gold pieces
 29521 | Orc:2    | Bought 3 scrolls of identify for 72 gold pieces
 29521 | Orc:2    | Bought a scroll of teleportation for 36 gold pieces
 29521 | Orc:2    | Bought a scroll of identify for 24 gold pieces
 29523 | Orc:2    | Bought a scroll of enchant armour for 180 gold pieces
 29526 | Orc:2    | Bought a potion of heal wounds for 120 gold pieces
 29942 | D:12     | HP: 6/122 [Jorgrun/+0 quarterstaff of crushing (13)]
 29943 | D:12     | Killed from afar by Jorgrun

Levels and vault maps discovered:
D:1:      evilmike_arrival_hilbert_curve, layout_loops_ring,
          minmay_misc_feat_iff, chequers_serial_rivers_small_3
D:2:      layout_loops_corners, marbit_many_paths
D:3:      layout_loops_ring, first_ration
D:4:      layout_loops_cross, lemuel_round_altar
D:5:      layout_layer_cave, lemuel_crystal_altar, grunt_gozag_statues,
          hangedman_minor_gate_pass, uniq_blork_the_orc, uniq_grinder
D:6:      layout_loops_corners, lemuel_coloured_pillars_altar,
          lemuel_doored_altar, minmay_temple_entry_gardened_gates, serial_shops,
          kennysheep_mini_moat, shop, shop, nicolae_shop_stone, uniq_edmund
D:7:      layout_loops_cross, grunt_qazlal_sundering
D:8:      layout_rooms, lemuel_crystal_altar,
          lemuel_mausoleum_altar_yredelemnul, lair_entry_dummy
D:9:      layout_long_grid, hangedman_fish_farm, jiyva_altar_1, uniq_erica,
          uniq_maurice, uniq_pikel
D:10:     layout_cave_pools, zombieorc1_lemuel
D:11:     layout_basic, bloody_trog
D:12:     layout_cave_pools, serial_bayou_pond_d, uniq_urug, uniq_rupert,
          uniq_jorgrun
Lair:1:   layout_loops_ring, nicolae_volcano_entry_two_sided,
          wad_woods_river_02, beast_lair_carwin_3, lemuel_fruit_fields,
          grunt_megastairs_2, lemuel_fruit_fields
Lair:2:   layout_concentric_octagons, grunt_megastairs_1
Lair:3:   layout_gridlike, uniq_fannar
Lair:4:   layout_big_grid, minmay_shoals_entry_beasts,
          spider_nest_entry_funnel_web
Lair:5:   layout_hall_layers, grunt_megastairs_4
Lair:6:   wormcave, layout_regular_city, hangedman_lair_caniforms_friends,
          minmay_slime_entry_pillars, maelrawn_ghost_gauntlet_escape,
          basic_altar, serial_bayou, serial_bayou_lake_a, serial_bayou_shore_b,
          serial_bayou_crossing, serial_bayou_shore_b, minmay_stone_trees_small
Orc:1:    layout_diamond_mine, uniq_snorg
Orc:2:    grunt_orc_tribal_feast, layout_caves, basic_altar

Skill      XL: |  1  2  3  4  5  6  7  8  9 10 11 12 13 14 |
---------------+-------------------------------------------+-----
Dodging        | 2 3 4 5 6 7 8 9 |  9.0
Fighting       | 1 2 3 5 6 7 8 9 10 | 10.3
Spellcasting   | 3 4 5 6 8 9 10 12 | 12.5
Ice Magic      | 4 6 8 9 11 12 13 14 16 | 16.7
Shields        | 2 4 5 6 7 8 9 |  9.9
Stealth        | |  1.7
Conjurations   | |  1.0

Action                   |  1- 3 |  4- 6 |  7- 9 | 10-12 | 13-15 || total
-------------------------+-------+-------+-------+-------+-------++-------
Melee: Unarmed           |   120 |       |       |       |       ||   120
       Tailslap          |     9 |    20 |    84 |    67 |    58 ||   238
       Dagger            |    13 |   136 |   491 |   583 |   332 ||  1555
Throw: Throwing net      |       |       |       |     3 |     2 ||     5
 Cast: Freeze            |    17 |    50 |    26 |    51 |    22 ||   166
       Summon Ice Beast  |       |     6 |    85 |   113 |    90 ||   294
       Ozocubu's Armour  |       |       |     8 |    21 |    17 ||    46
       Ozocubu's Refrige |       |       |       |    60 |   111 ||   171
 Abil: Breathe Frost     |       |       |     2 |     1 |       ||     3
Evoke: Wand              |       |       |     8 |    22 |    31 ||    61
       Box of beasts     |       |       |       |       |     1 ||     1
  Use: Scroll            |       |     6 |    17 |     8 |    15 ||    46
       Potion            |       |     3 |     3 |     6 |     3 ||    15
 Stab: Sleeping          |     4 |     9 |    10 |     5 |       ||    28
       Paralysed         |       |       |     8 |     7 |       ||    15
       Distracted        |       |       |     4 |     1 |     3 ||     8
  Eat: Chunk             |     1 |     8 |    22 |    38 |    53 ||   122
       Ration            |       |     1 |     4 |     9 |     3 ||    17
Armor: Skin              |    55 |    54 |   156 |   253 |   177 ||   695
Dodge: Dodged            |   118 |    93 |   222 |   370 |   338 ||  1141
Block: Buckler           |       |       |   167 |   275 |   227 ||   669
       Reflection        |       |       |       |       |     1 ||     1

Table legend:
 A = Non-vault XP
 B = Vault XP
 C = Vault XP percentage of total XP
 D = Non-vault monster count
 E = Vault monster count
 F = Vault count percentage of total count
                 A         B        C        D         E       F
            +---------+---------+-------+---------+---------+-------
      Total |   44770 |   38670 |  46.3 |     420 |     199 |  32.1
            +---------+---------+-------+---------+---------+-------
        D:1 |      52 |       0 |   0.0 |      28 |       0 |   0.0
        D:2 |     123 |       1 |   0.8 |      17 |       1 |   5.6
        D:3 |     238 |       0 |   0.0 |      23 |       0 |   0.0
        D:4 |     301 |       0 |   0.0 |      10 |       0 |   0.0
        D:5 |     599 |     432 |  41.9 |      21 |       9 |  30.0
        D:6 |     774 |      81 |   9.5 |      25 |       1 |   3.8
        D:7 |     338 |       0 |   0.0 |       9 |       0 |   0.0
        D:8 |    1852 |     415 |  18.3 |      27 |      12 |  30.8
        D:9 |     483 |    1431 |  74.8 |      14 |       6 |  30.0
       D:10 |    2081 |     410 |  16.5 |      18 |      28 |  60.9
       D:11 |    3427 |       0 |   0.0 |      23 |       0 |   0.0
       D:12 |    2036 |       0 |   0.0 |      19 |       0 |   0.0
     Lair:1 |    3244 |    1761 |  35.2 |      18 |       8 |  30.8
     Lair:2 |    1978 |      68 |   3.3 |      11 |       1 |   8.3
     Lair:3 |    3090 |     849 |  21.6 |      17 |       1 |   5.6
     Lair:4 |    4122 |    2134 |  34.1 |      19 |       6 |  24.0
     Lair:5 |    6589 |    2300 |  25.9 |      30 |       9 |  23.1
     Lair:6 |    6607 |   18543 |  73.7 |      29 |      81 |  73.6
      Orc:1 |    4324 |       0 |   0.0 |      23 |       0 |   0.0
      Orc:2 |    2512 |    7414 |  74.7 |      39 |      30 |  43.5
    Volcano |       0 |    2831 | 100.0 |       0 |       6 | 100.0
            +---------+---------+-------+---------+---------+-------
